 Dungeon Crawl Stone Soup version 0.30-a0-920-g7493c07aab (webtiles) character file.

Game seed: 1217308925925119650

5007 freelancePsychic the Grappler (level 10, -4/91 (96) HPs)
             Began as a Troll Wanderer on Mar 21, 2023.
             Was a Priest of Ru.
             Slain by a killer bee (5 damage)
             ... on level 8 of the Dungeon.
             The game lasted 00:13:33 (6804 turns).

freelancePsychic the Grappler (Troll Wanderer)      Turns: 6804, Time: 00:13:34

HP:   -4/91 (96)    AC:  6    Str: 20    XL:     10   Next: 29%
MP:   10/10         EV: 11    Int:  7    God:    Ru [***...]
Gold: 261           SH:  0    Dex: 14    Spells: 10/10 levels left

rFire   . . .      SeeInvis .      - Unarmed
rCold   + + .      Faith    .    (no shield)
rNeg    . . .      Spirit   .    s - +1 robe of the Iron Devil {rElec rC+ Dex-2 Slay+5}
rPois   .          Reflect  .    (helmet restricted)
rElec   +          Rampage  .    b - +0 cloak
rCorr   .                        (gloves unavailable)
Will    .....                    (boots unavailable) Stlth
                                 (no amulet)
HPRegen 1.15/turn                A - ring of protection from cold
MPRegen 0.12/turn                (no ring)

@: lethally poisoned (-4 -> -10), exhausted, drained, invisible
A: large, unfitting armour, claws 3, regeneration 1, shaggy fur 1, tough skin 1,
no stealth, no conjurations magic, no fire magic, no transmutations magic,
unskilled 1
a: Renounce Religion, Draw Out Power


You were on level 8 of the Dungeon.
You worshipped Ru.
Ru was most pleased with you.
You visited 1 branch of the dungeon, and saw 9 of its levels.

You collected 696 gold pieces.
You spent 435 gold pieces at shops.

Inventory:

Missiles
 a - 5 poisoned darts (quivered)
 c - 9 boomerangs
 u - 8 curare-tipped darts
 v - 2 silver boomerangs
Armour
 b - a +0 cloak (worn)
 d - a +0 robe
 j - a +2 robe of resistance
 s - the +1 robe of the Iron Devil (worn) {rElec rC+ Dex-2 Slay+5}
   (You bought it in a shop on level 4 of the Dungeon)

   Dex:       It affects your dexterity (-2).
   Slay:      It affects your accuracy & damage with ranged weapons and melee
   (+5).
   rC:        It protects you from cold.
   rElec:     It insulates you from electricity.
Jewellery
 p - a ring of wizardry
 A - a ring of protection from cold (left claw)
Wands
 k - a wand of digging (7)
 t - a wand of polymorph (35)
Scrolls
 n - a scroll of noise
 o - a scroll of poison
 q - a scroll of silence
 r - 4 scrolls of teleportation {@r4}
 w - 2 scrolls of enchant weapon
 y - 2 scrolls of fog
Potions
 e - 2 potions of lignification {unknown}
 f - a potion of attraction
 g - 4 potions of might {unknown}
 h - 2 potions of flight
 i - 8 potions of heal wounds {unknown}
 l - 2 potions of resistance {unknown}
 x - a potion of mutation {unknown}
 z - 2 potions of curing {@q1}
 B - 2 potions of haste {unknown}
 C - a potion of brilliance {unknown}
 D - 2 potions of magic {unknown}


   Skills:
 + Level 5.4 Fighting
 - Level 2.1 Short Blades
 - Level 1.5 Throwing
 - Level 4.0 Dodging
 * Level 5.3 Shields
 * Level 9.4 Unarmed Combat
 - Level 0.8 Spellcasting
 - Level 1.5 Earth Magic
 - Level 1.2 Evocations


You had 10 spell levels left.
You didn't know any spells.
Your spell library contained the following spells:

 Spells                   Type           Power      Damage    Failure   Level
 Sandblast                Erth           4%         2d4       22%         1
 Blink                    Tloc           0%         N/A       54%         2
 Lesser Beckoning         Tloc           0%         N/A       54%         2
 Poisonous Vapours        Pois/Air       0%         N/A       54%         2
 Confusing Touch          Hex            0%         N/A       78%         3
 Gell's Gravitas          Tloc           0%         N/A       78%         3
 Teleport Other           Tloc           0%         N/A       78%         3
 Anguish                  Hex/Necr       0%         N/A       99%         4
 Dispel Undead            Necr           0%         3d6       99%         4
 Olgreb's Toxic Radiance  Pois           0%         N/A       99%         4
 Borgnjor's Vile Clutch   Necr/Erth      0%         N/A       100%        5
 Summon Forest            Summ/Tloc      0%         N/A       100%        5
 Summon Mana Viper        Hex/Summ       0%         N/A       100%        5
 Dispersal                Tloc           0%         N/A       100%        6
 Summon Cactus Giant      Summ           0%         N/A       100%        6
 Enfeeble                 Hex            0%         N/A       100%        7
 Kiss of Death            Conj/Necr      Unusable   2d5       N/A         1
 Sting                    Tmut/Pois      Unusable   1d3       N/A         1
 Momentum Strike          Conj/Tloc      Unusable   3d8       N/A         2
 Stone Arrow              Conj/Erth      Unusable   3d7       N/A         3
 Alistair's Intoxication  Tmut/Pois      Unusable   N/A       N/A         5
 Eringya's Noxious Bog    Tmut/Pois      Unusable   N/A       N/A         6

Dungeon Overview and Level Annotations

Branches:
Dungeon (9/15)             Temple (0/1) D:6            Lair (0/5) D:8
    Orc: D:9-12

Altars:
Gozag
Nemelex Xobeh
Ru
Sif Muna
Trog
Yredelemnul
Zin

Shops:
D:4 [   D:5 (

Annotations:
D:4 3 runed translucent doors, qeuew's ghost, amateur DsMo
D:9 Grum


Innate Abilities, Weirdness & Mutations

You are too large for most types of armour.
You have claws for hands.
Your natural rate of healing is unusually fast.
You are covered in fur. (AC +1)
You have tough skin. (AC +1)
You cannot be stealthy.
You cannot study or cast Conjurations magic.
You cannot study or cast Fire magic.
You cannot study or cast Transmutations magic.
You are somewhat unskilled. (-1 Apt)


Message History

The killer bee stings you but does no damage.
Grum hits you from afar with a -1 spear!
You climb upwards.
You feel extremely sick.
There is a stone staircase leading down, spattered with blood here.
Okay, then.
You are restored by drawing out deep reserves of power within.
You feel drained.
You feel very sick. The killer bee stings you.
The killer bee barely misses you. The killer bee stings you.
* * * LOW HITPOINT WARNING * * *
The killer bee stings you but does no damage.
The killer bee barely misses you. The killer bee stings you.
* * * LOW HITPOINT WARNING * * *
You focus your inner power and illuminate the killer bee in retribution!
The killer bee completely misses you. The killer bee stings you.
* * * LOW HITPOINT WARNING * * *
You are more poisoned.
The killer bee poisons you! The killer bee barely misses you.
The killer bee closely misses you.
* * * LOW HITPOINT WARNING * * *
You feel very sick. The killer bee closely misses you.
The killer bee stings you but does no damage.
The killer bee stings you.
* * * LOW HITPOINT WARNING * * *
The killer bee stings you.
* * * LOW HITPOINT WARNING * * *
The killer bee barely misses you.
You fade into invisibility!
* * * LOW HITPOINT WARNING * * *
You feel very sick. The killer bee closely misses you.
The killer bee barely misses you. The killer bee closely misses you.
The killer bee stings you.
* * * LOW HITPOINT WARNING * * *
The killer bee stings you.
* * * LOW HITPOINT WARNING * * *
The killer bee misses you. The killer bee stings you.
You die...

.........#...##..................
.........#....'..................
.........#....#..................
.........#....#..................
.........#....#..................
.........#....#.)........#######.
.........##..##..........#..)..#.
###.......####.yyy########.....'.
..#.......# #.y@.'............#.
..+.......# #.y..#............#.
..#.......####....#.##..##.##+##.
..##.............##.###+##.#.....
...#.............#..)......#.....
...#.............+.........#.....
...'.............#.........#.....
####.............#..###..###.....
#<.....##'###....######..#....###


You could see 5 killer bees.

Vanquished Creatures
  Erica (D:8)
  Prince Ribbit (D:7)
  A hornet (D:7)
  4 yaks (D:8)
  Edmund (D:5)
  5 water moccasins
  A sky beast (D:7)
  3 orc warriors
  2 black bears
  5 ice beasts
  An ogre (D:4)
  2 centaurs (D:6)
  A phantom (D:4)
  4 bullfrogs
  2 scorpions
  3 wights (D:7)
  5 killer bees
  A howler monkey (D:6)
  2 gnoll boudas
  3 orc priests
  2 sleepcaps
  4 iguanas (D:5)
  Natasha (twice) (D:2)
  3 orc wizards
  8 gnolls
  8 adders
  2 white imps (D:7)
  An ufetubus (D:6)
  3 dart slugs
  21 orcs
  4 endoplasms
  6 giant cockroaches
  3 goblins
  8 hobgoblins
  4 jackals (D:4)
  2 kobolds
  A quokka (D:1)
  6 ball pythons
  6 bats
  3 frilled lizards
  6 rats
151 creatures vanquished.

Vanquished Creatures (others)
  A centaur (D:6)
1 creature vanquished.

Grand Total: 152 creatures vanquished

Notes
Turn   | Place    | Note
-------+----------+-------------------------------------------
     0 | D:1      | freelancePsychic the Troll Wanderer began the quest for the
                  | Orb.
     0 | D:1      | freelancePsychic set off with the following items: a +0
                  | rapier, a +0 cloak, a potion of berserk rage, a +0 robe;
                  | and the following spell memorised: Sandblast; and the
                  | following spells available to memorise: Stone Arrow.
     0 | D:1      | Reached XP level 1. HP: 16/16 MP: 1/1
   195 | D:1      | Reached skill level 1 in Unarmed Combat
   206 | D:1      | Reached XP level 2. HP: 26/26 MP: 2/2
   268 | D:1      | Found a faded altar of an unknown god.
   277 | D:1      | Prayed at the altar of an unknown god.
   277 | D:1      | Became a worshipper of Ru the Awakened
   286 | D:1      | Gained mutation: You cannot be stealthy. [Ru sacrifice]
   710 | D:2      | Reached skill level 1 in Throwing
   756 | D:2      | Reached XP level 3. HP: 30/32 MP: 3/3
   758 | D:2      | Reached skill level 2 in Unarmed Combat
   760 | D:2      | Reached skill level 1 in Fighting
   803 | D:2      | Identified the +3 long sword of Conscience {protect, rN++
                  | rCorr MP+9 Dex-3 SInv}
   917 | D:2      | Noticed Natasha
   922 | D:2      | Killed Natasha
   923 | D:2      | Reached XP level 4. HP: 41/41 MP: 4/4
  1014 | D:2      | Noticed Natasha
  1034 | D:2      | Killed Natasha
  1035 | D:2      | Reached skill level 3 in Unarmed Combat
  1341 | D:3      | Found an opulent altar of Gozag.
  1457 | D:3      | You fall into a shaft and drop 3 floors!
  1458 | D:6      | Noticed a water moccasin
  1480 | D:6      | Killed a water moccasin
  1481 | D:6      | Reached XP level 5. HP: 41/49 MP: 5/5
  1488 | D:6      | Reached skill level 4 in Unarmed Combat
  1488 | D:6      | Reached XP level 6. HP: 25/57 MP: 6/6
  1575 | D:6      | Noticed an orc warrior
  1603 | D:6      | Killed an orc warrior
  1604 | D:6      | Reached skill level 5 in Unarmed Combat
  1604 | D:6      | Reached XP level 7. HP: 28/66 MP: 7/7
  1668 | D:5      | Entered Level 5 of the Dungeon
  1826 | D:5      | Found a glowing silver altar of Zin.
  1827 | D:5      | Found a shimmering blue altar of Sif Muna.
  1834 | D:5      | Noticed Edmund
  2190 | D:4      | Reached skill level 6 in Unarmed Combat
  2571 | D:3      | Gained mutation: You are somewhat unskilled. (-1 Apt) [Ru
                  | sacrifice]
  2571 | D:3      | Reduced skill Unarmed Combat to level 5
  2571 | D:3      | Reached * piety under Ru
  2571 | D:3      | Reached ** piety under Ru
  2873 | D:4      | Identified the +3 pair of gloves of Vumiud {Rampage Dex+2}
  2884 | D:4      | Found a runed translucent gate.
  2885 | D:4      | Found a runed translucent gate.
  2885 | D:4      | Noticed qeuew's ghost (amateur DsMo)
  2887 | D:4      | Found a runed translucent gate.
  3175 | D:4      | Found Cydwin's Armour Boutique.
  3180 | D:4      | Bought the +1 robe of the Iron Devil {rElec rC+ Dex-2
                  | Slay+5} for 435 gold pieces
  3719 | D:5      | Found Vetua's Antique Weapon Shoppe.
  3953 | D:5      | Reached XP level 8. HP: 73/75 MP: 8/8
  4001 | D:5      | Found a sacrificial altar of Ru.
  4003 | D:5      | Found a basalt altar of Yredelemnul.
  4013 | D:5      | Killed Edmund
  4014 | D:5      | Reached skill level 6 in Unarmed Combat
  4036 | D:5      | Found a sparkling altar of Nemelex Xobeh.
  4038 | D:5      | Found a bloodstained altar of Trog.
  4408 | D:6      | Found a staircase to the Ecumenical Temple.
  4787 | D:7      | Reached skill level 7 in Unarmed Combat
  4891 | D:7      | Identified the +3 long sword "Oddyosch" {pain, Will+ rCorr
                  | Str+3}
  4925 | D:7      | Reached skill level 1 in Shields
  4969 | D:7      | Reached XP level 9. HP: 84/84 MP: 9/9
  5108 | D:7      | Gained mutation: You cannot study or cast Fire magic. [Ru
                  | sacrifice]
  5108 | D:7      | Gained mutation: You cannot study or cast Transmutations
                  | magic. [Ru sacrifice]
  5108 | D:7      | Gained mutation: You cannot study or cast Conjurations
                  | magic. [Ru sacrifice]
  5108 | D:7      | Reached *** piety under Ru
  5216 | D:7      | Noticed Prince Ribbit
  5252 | D:7      | Killed Prince Ribbit
  5253 | D:7      | Reached skill level 8 in Unarmed Combat
  5822 | D:8      | Reached skill level 5 in Fighting
  5919 | D:8      | Noticed Erica
  5931 | D:8      | Killed Erica
  5932 | D:8      | Reached skill level 9 in Unarmed Combat
  5932 | D:8      | Reached XP level 10. HP: 67/96 MP: 10/10
  6048 | D:8      | Found a staircase to the Lair.
  6154 | D:8      | Reached skill level 5 in Shields
  6794 | D:9      | Noticed Grum
  6804 | D:8      | HP: 2/91 [killer bee (5)]
  6804 | D:8      | Slain by a killer bee

Illustrated notes

Levels and vault maps discovered:
D:1:      dpeg_arrival_shrine, layout_basic, ebering_ecumenical_altar_petrified
D:2:      layout_basic, eino_curves_04, uniq_natasha
D:3:      layout_loops_ring, nicolae_gozag_cash_rules_everything_around_me,
          minmay_crystal_water, kennysheep_minor_cross
D:4:      layout_basic, gammafunk_ghost_split, serial_shops, shop
D:5:      layout_basic, minitemple, nicolae_overflow_squiral, serial_shops,
          shop, uniq_edmund
D:6:      layout_cave_pools, minmay_temple_entry_glassed_door,
          serial_column_ruins, column_ruins_columns_corner,
          column_ruins_columns_corner, column_ruins_corridor_dead_end,
          column_ruins_columns_straight, column_ruins_open_tiny,
          column_ruins_grid_2, hex_large
D:7:      layout_cave_pods, uniq_prince_ribbit1
D:8:      layout_gridville, lair_entry_dummy, uniq_erica
D:9:      layout_rooms, uniq_grum, uniq_psyche, uniq_pikel

Skill      XL: |  1  2  3  4  5  6  7  8  9 10 |
---------------+-------------------------------+-----
Unarmed Combat | 1 2 3 4 5 5 7 9 |  9.4
Throwing       | 1 |  1.5
Fighting       | 1 2 3 4 5 |  5.4
Dodging        | 2 3 4 |  4.0
Spellcasting   | 0 |  0.8
Shields        | 1 4 5 |  5.3
Short Blades   | |  2.1
Earth Magic    | |  1.5
Evocations     | |  1.2

Action                     |  1- 3 |  4- 6 |  7- 9 | 10-12 || total
---------------------------+-------+-------+-------+-------++-------
  Melee: Unarmed           |   152 |    81 |   261 |    51 ||   545
         Punch             |     4 |     5 |    10 |     3 ||    22
  Throw: Dart              |       |     6 |    14 |     2 ||    22
         Boomerang         |       |       |     3 |       ||     3
 Invoke: Sacrifice Stealth |     1 |       |       |       ||     1
         Sacrifice Skill   |       |       |     1 |       ||     1
         Sacrifice Arcana  |       |       |     1 |       ||     1
         Draw Out Power    |       |       |       |     2 ||     2
  Evoke: Wand              |       |     1 |     2 |       ||     3
    Use: Scroll            |       |     3 |     8 |       ||    11
         Potion            |       |     3 |     2 |     1 ||     6
   Stab: Invisible         |       |       |       |     1 ||     1
 Armour: Robe              |    93 |    34 |    68 |    27 ||   222
  Dodge: Dodged            |   105 |    50 |   100 |    75 ||   330

Table legend: (Time is in decaauts)
 A = Elapsed time spent in this place.
 B = Non-inter-level travel time spent in this place.
 C = Inter-level travel time spent in this place.
 D = Time resting spent in this place.
 E = Time spent auto-exploring this place.
 F = Levels seen in this place.
 G = Mean time per level.
                   A        B        C        D        E       F      G
               +--------+--------+--------+--------+--------+-----+--------+
         Total |   6791 |   6245 |    546 |    116 |   4855 |   9 |  754.6 |
       Dungeon |   6791 |   6245 |    546 |    116 |   4855 |   9 |  754.6 |
               +--------+--------+--------+--------+--------+-----+--------+

Top non-repeatable levels by time:
     D:7: 1034 daAuts
     D:3: 1007 daAuts
     D:8: 969 daAuts
     D:5: 929 daAuts
     D:6: 816 daAuts
     D:4: 764 daAuts
     D:1: 657 daAuts
     D:2: 605 daAuts
     D:9: 7 daAuts
